 Dungeon Crawl Stone Soup version 0.29.0-4-gdea44cf6ec (webtiles) character file.

Game seed: 10527210169223434330

4 qw the Chopper (level 1, -1/12 HPs)
             Began as a Tengu Warper on Aug 28, 2022.
             Frozen to death by an endoplasm (4 damage)
             ... on level 1 of the Dungeon.
             The game lasted 00:00:00 (41 turns).

qw the Chopper (Tengu Warper)                         Turns: 41, Time: 00:00:00

Health: -1/12      AC:  3    Str: 11    XL:     1   Next: 70%
Magic:  4/4        EV: 11    Int: 13    God:
Gold:   0          SH:  0    Dex: 13    Spells: 4/4 levels left

rFire   . . .      SeeInvis .   a - +0 hand axe
rCold   . . .      Faith    .   (no shield)
rNeg    . . .      Spirit   .   b - +0 leather armour
rPois   .          Reflect  .   (helmet restricted)
rElec   .          Harm     .   (no cloak)
rCorr   .          Rampage  .   (no gloves)
Will    .....                   (boots unavailable)
Stlth   +.........              (no amulet)
HPRegen 0.04/turn               (no ring)
MPRegen 0.09/turn               (no ring)

@: no status effects
A: beak, talons 3
a: no special abilities


You were on level 1 of the Dungeon.
You visited 1 branch of the dungeon, and saw 1 of its levels.


Innate Abilities, Weirdness & Mutations

You have a beak for a mouth.
You have claws for feet.


   Skills:
 - Level 2.0 Fighting
 + Level 2.7 Axes
 - Level 1.0 Throwing
 - Level 1.1 Armour
 - Level 2.1 Dodging
 - Level 2.0 Spellcasting
 - Level 2.4 Translocations


You had 4 spell levels left.
You didn't know any spells.
Your spell library contained the following spells:

 Spells                   Type           Power      Damage    Failure   Level
 Blink                    Tloc           14%        N/A       19%         2
 Gell's Gravitas          Tloc           7%         N/A       36%         3
 Lesser Beckoning         Tloc           7%         N/A       36%         3
 Teleport Other           Tloc           7%         N/A       36%         3
 Manifold Assault         Tloc           7%         N/A       98%         5

Inventory:

Hand Weapons
 a - a +0 hand axe (weapon)
Missiles
 d - 6 boomerangs of dispersal (quivered)
Armour
 b - a +0 leather armour (worn)
Scrolls
 c - a scroll of blinking

Dungeon Overview and Level Annotations

Branches:
Dungeon (1/15)

Altars:

Shops:
D:1 [


Message History

The jackal misses you.
An endoplasm comes into view.
The jackal closely misses you.
The endoplasm moves out of view.
You miss the jackal. Your kick misses the jackal. The jackal barely misses you.
The jackal bites you.
The jackal barks!
You hit the jackal. Your kick misses the jackal.
The jackal is heavily wounded.
The jackal barely misses you.
You closely miss the jackal.
The jackal is heavily wounded.
You hit the dart slug.
The jackal bites you but does no damage.
The jackal barely misses you.
You hit the jackal.
You kill the jackal!
You hit the dart slug. You closely miss the jackal. The jackal bites you.
The dart slug briefly extends its eye-stalks.
The dart slug launches a dart at you. The slug dart hits you.
The ball python bites you but does no damage.
The ball python grabs you. The ball python constricts you.
The jackal bites you but does no damage.
You closely miss the ball python. You claw the ball python.
You kill the ball python!
You hit the dart slug. You hit the jackal.
The jackal bites you but does no damage.
The dart slug launches a dart at you. The slug dart misses you.
The endoplasm freezes you.
You are frozen.
You hit the dart slug. You peck the dart slug.
You kill the dart slug!
You barely miss the jackal. You hit the endoplasm.
The jackal bites you but does no damage.
The jackal misses you. The endoplasm freezes you.
You are frozen.
You die...

..######.# .........#
.........# . ...........#
.. ..w........ ...
..g.......# .... #.w...
#J.##.....
#.....##@h.......
#.......\...)....
......[..##......
....##..##.?....
....##...# #####
..........#
..........###############
..###+##.................
##................


You could see an endoplasm and a jackal.

Vanquished Creatures
  A dart slug (D:1)
  A hobgoblin (D:1)
  2 jackals (D:1)
  A ball python (D:1)
5 creatures vanquished.

Notes
Turn   | Place    | Note
-------+----------+-------------------------------------------
     0 | D:1      | qw the Tengu Warper began the quest for the Orb.
     0 | D:1      | Reached XP level 1. HP: 12/12 MP: 4/4
     0 | D:1      | 0 ||| qw: Version: 0.1-a-89-g26bdef1
     0 | D:1      | 0 ||| qw: Game counter: 2992
     0 | D:1      | 0 ||| qw: Always use a shield: true
     0 | D:1      | 0 ||| qw: God list: Okawaru
     0 | D:1      | 0 ||| qw: Allow faded altars: false
     0 | D:1      | 0 ||| qw: Do Orc after D:15 true
     0 | D:1      | 0 ||| qw: Do second Lair branch before Depths: true
     0 | D:1      | 0 ||| qw: Lair rune preference: random
     0 | D:1      | 0 ||| qw: Plans: Normal
     0 | D:1      | 0 ||| PLANNING D:1-11
    19 | D:1      | Found Viama's Armour Emporium.
    25 | D:1      | 25 ||| Stepping ~*~*~tactically~*~*~ (stealth).
    26 | D:1      | 26 ||| Stepping ~*~*~tactically~*~*~ (stealth).
    27 | D:1      | 27 ||| Stepping ~*~*~tactically~*~*~ (stealth).
    30 | D:1      | 30 ||| SHOPLISTING +0 cloak (54 gold, have 0).
    30 | D:1      | 30 ||| SHOPLISTING +0 ring mail of poison resistance (96
                  | gold, have 0).
    30 | D:1      | 30 ||| SHOPLISTING +0 scale mail (48 gold, have 0).
    30 | D:1      | 30 ||| SHOPLISTING +0 shadow dragon scales (960 gold, have
                  | 0).
    30 | D:1      | 30 ||| SHOPLISTING +2 ice dragon scales (864 gold, have 0).
    30 | D:1      | 30 ||| SHOPLISTING +2 kite shield of poison resistance (222
                  | gold, have 0).
    30 | D:1      | 30 ||| Stepping ~*~*~tactically~*~*~ (hiding).
    31 | D:1      | 31 ||| Stepping ~*~*~tactically~*~*~ (stealth).
    40 | D:1      | HP: 3/12 [frozen (1)]
    41 | D:1      | Frozen to death by an endoplasm

Levels and vault maps discovered:
D:1:      giann_horns, layout_basic, serial_shops, nicolae_square_shop, shop,
          shop, shop, shapermc_ecumenical_altar_acropolis, serial_corexii_hall,
          corexii_hall_statues_x, corexii_hall_statues_t, minivault_27,
          minmay_cut_off

Action                   || total
-------------------------++-------
Melee: Hand axe          ||    10
       Kick              ||     2
       Peck              ||     1
Throw: Boomerang         ||     1
Armor: Leather armour    ||     6
Dodge: Dodged            ||     8

Table legend:
 A = Non-vault XP
 B = Vault XP
 C = Vault XP percentage of total XP
 D = Non-vault monster count
 E = Vault monster count
 F = Vault count percentage of total count
                 A         B        C        D         E       F
            +---------+---------+-------+---------+---------+-------
      Total |      11 |       0 |   0.0 |       5 |       0 |   0.0
            +---------+---------+-------+---------+---------+-------
        D:1 |      11 |       0 |   0.0 |       5 |       0 |   0.0
            +---------+---------+-------+---------+---------+-------
